 Dungeon Crawl Stone Soup version 0.26-b1-32-g5d43845318 (webtiles) character file.

Game seed: 2968918674935608636

45 sanka the Insei (level 3, -2/20 HPs)
             Began as a Kobold Transmuter on Jan 13, 2021.
             Slain by a hobgoblin (5 damage)
             ... led by Robin
             ... on level 1 of the Dungeon.
             The game lasted 00:02:36 (1658 turns).

sanka the Insei (Kobold Transmuter)                 Turns: 1658, Time: 00:02:37

Health: -2/20      AC:  2    Str:  7    XL:     3   Next: 90%
Magic:  6/6        EV: 15    Int: 14    God:
Gold:   36         SH:  0    Dex: 16    Spells: 0/6 levels left

rFire    . . .     SeeInvis .   i - +1 dagger (venom)
rCold    . . .     Faith    .   (shield restricted)
rNeg     . . .     Spirit   .   a - +0 robe
rPois    .         Reflect  .   (no helmet)
rElec    .         Harm     .   (no cloak)
rCorr    .         Rampage  .   (no gloves)
Will     .....                  (no boots)
Stlth    ++........             (no amulet)
HPRegen  0.06/turn              (no ring)
MPRegen  0.10/turn              (no ring)

@: no status effects
A: small, nightstalker 3
a: no special abilities


You were on level 1 of the Dungeon.
You visited 1 branch of the dungeon, and saw 2 of its levels.

You collected 36 gold pieces.


Innate Abilities, Weirdness & Mutations

You are small and have problems with some larger weapons.
You are completely attuned to the shadows.


   Skills:
 - Level 1.1 Fighting
 - Level 2.4 Dodging
 - Level 4.0 Unarmed Combat
 + Level 2.3 Spellcasting
 + Level 2.5 Transmutations
 + Level 0.5 Poison Magic


You couldn't memorise any spells.
You knew the following spells:

 Your Spells              Type           Power        Failure   Level
c - Spider Form           Tmut/Pois      3%           36%         3
x - Wereblood             Tmut           8%           12%         2
z - Beastly Appendage     Tmut           16%          9%          1

Your spell library contained the following spells:

 Spells                   Type           Power        Failure   Level
 Ice Form                 Ice/Tmut       5%           80%         4
 Blade Hands              Tmut           4%           92%         5

Inventory:

Hand Weapons
 i - a +1 dagger of venom (weapon)
Armour
 a - a +0 robe (worn)
Scrolls
 b - a scroll of enchant weapon {unknown}
 f - 3 scrolls of identify {unknown}
 g - a scroll of enchant armour {unknown}
 h - a scroll of immolation {unknown}
Potions
 c - a potion of haste {unknown}
 d - a potion of flight {unknown}
 e - a potion of ambrosia {unknown}
 j - 2 potions of curing {unknown}

Dungeon Overview and Level Annotations

Branches:
Dungeon (2/15)

Altars:

Annotations:
D:2 Robin

▒.▒▒▒▒▒▒▒▒▒▒▒.▒▒ ▒▒▒▒▒
▒.▒.▒▒▒▒▒▒▒▒▒.▒▒ ....▒▒ ▒▒▒▒▒▒▒▒
▒.▒.............
.▒▒..▒▒▒▒......▒▒▒.▒'▒▒▒▒▒▒▒▒▒)▒▒
.......▒........▒▒..........▒▒.▒.
...▒.▒.▒........▒▒..........▒▒.▒.
...▒.▒.▒.▒▒▒▒▒▒.▒▒..........▒▒.▒.
.▒▒▒.▒.▒.▒▒▒▒▒▒.▒▒..........▒▒.▒.
▒▒▒▒............Kg>.........▒▒.▒.
▒ ▒..▒.▒.▒▒▒▒▒..▒▒..........'..▒▒
▒ ▒.▒▒.▒........▒▒.......(..▒▒▒▒
▒ ▒.▒▒.▒.▒▒▒▒..)▒▒..........▒ ▒
▒.▒▒.▒▒▒......▒▒▒.........▒ ▒
▒..▒...'......▒ ▒.........▒ ▒
▒▒.▒▒▒▒▒.....▒▒▒▒.........▒ ▒
▒..▒ ▒.................▒▒ ▒ ▒▒.▒
▒.....▒.▒▒▒▒▒▒▒▒▒.▒


You could see a hobgoblin (strong, very poisoned).


Message History

* * * LOW HITPOINT WARNING * * *
The goblin no longer looks unusually strong.
The goblin barely misses you.
The hobgoblin no longer looks unusually strong.
Robin roars a battlecry!
The goblins go into a battle-frenzy!
The goblin misses you.
Robin roars a battlecry!
There is a stone staircase leading up here.
Robin says, "Feeling lonely?"
Robin roars a battlecry!
The hobgoblin closely misses you.
You hear a shout!
You climb upwards.
There is a stone staircase leading down here.
Unknown command.
The hobgoblin hits you.
* * * LOW HITPOINT WARNING * * *
You see here a stone.
You closely miss the goblin. The goblin misses you.
You hit the goblin.
The goblin is poisoned.
The goblin is severely wounded.
You kill the goblin!
The hobgoblin barely misses you.
You hit the hobgoblin but do no damage.
The hobgoblin is poisoned.
The hobgoblin hits you.
You die...

Action                   || total
-------------------------++-------
Melee: Unarmed           ||    97
       Kick              ||    15
       Headbutt          ||     7
       Dagger            ||    24
       Punch             ||     1
 Cast: Beastly Appendage ||    14
 Stab: Sleeping          ||     9
Armor: Robe              ||    19
Dodge: Dodged            ||    96

Levels and vault maps discovered:
D:1:      lemuel_arrival_lava_pool, layout_basic
D:2:      layout_basic, uniq_robin, uniq_natasha

Notes
Turn   | Place    | Note
-------+----------+-------------------------------------------
     0 | D:1      | sanka the Kobold Transmuter began the quest for the Orb.
     0 | D:1      | Reached XP level 1. HP: 12/12 MP: 3/3
   259 | D:1      | Reached XP level 2. HP: 13/16 MP: 3/5
   469 | D:1      | Learned a level 2 spell: Wereblood
   663 | D:1      | Reached skill level 4 in Unarmed Combat
   663 | D:1      | Reached XP level 3. HP: 19/20 MP: 4/6
   683 | D:1      | Learned a level 3 spell: Spider Form
  1539 | D:2      | Noticed Robin
  1658 | D:1      | Slain by a hobgoblin

Vanquished Creatures
  A leopard gecko (D:1)
  2 bats (D:1)
  2 giant cockroaches (D:1)
  5 goblins
  7 hobgoblins
  11 jackals (D:1)
  2 kobolds
  3 frilled lizards (D:1)
  3 rats
36 creatures vanquished.

Table legend: (Time is in decaauts)
 A = Elapsed time spent in this place.
 B = Non-inter-level travel time spent in this place.
 C = Inter-level travel time spent in this place.
 D = Time resting spent in this place.
 E = Time spent auto-exploring this place.
 F = Levels seen in this place.
 G = Mean time per level.
                   A        B        C        D        E       F      G
               +--------+--------+--------+--------+--------+-----+--------+
         Total |   1651 |   1622 |     29 |    591 |    766 |   2 |  825.5 |
       Dungeon |   1651 |   1622 |     29 |    591 |    766 |   2 |  825.5 |
               +--------+--------+--------+--------+--------+-----+--------+

Top non-repeatable levels by time:
     D:1: 1372 daAuts
     D:2: 278 daAuts
